 Dungeon Crawl Stone Soup version 0.29-a0-221-gceb61267dd (webtiles) character file.

Game seed: 13521743882334936651

5775 mcwallace the Quickloader (level 11, -6/87 HPs)
             Began as a Formicid Hunter on Feb 26, 2022.
             Was a High Priest of Okawaru.
             Mangled by a two-headed hydra (9 damage)
             ... on level 9 of the Dungeon.
             The game lasted 00:31:48 (15092 turns).

mcwallace the Quickloader (Formicid Hunter)        Turns: 15092, Time: 00:31:49

Health: -6/87      AC: 13    Str: 18    XL:     11   Next: 6%
Magic:  10/11      EV: 12    Int: 10    God:    Okawaru [*****.]
Gold:   546        SH:  0    Dex: 12    Spells: 10/10 levels left

rFire   + . .      SeeInvis +   n - +0 scimitar (flame) {long}
rCold   + . .      Faith    .   (no shield)
rNeg    + + .      Spirit   .   I - +5 scale mail of Instinct {+Blink rPois Dex-3 Stlth+}
rPois   +          Reflect  .   (helmet unavailable)
rElec   .          Harm     .   g - scarf {rC+ rF+}
rCorr   .          Rampage  .   (no gloves)
Will    +....                   (no boots)
Stlth   +.........              (no amulet)
HPRegen 0.24/turn               p - ring of positive energy
MPRegen 0.12/turn               b - ring of positive energy

@: no status effects
A: permanent stasis, dig shafts and tunnels, antennae 3, four strong arms
a: Dig, Shaft Self, Renounce Religion, Heroism, Finesse, Duel


You were on level 9 of the Dungeon.
You worshipped Okawaru.
Okawaru was extremely pleased with you.
You visited 1 branch of the dungeon, and saw 9 of its levels.
You also visited: Sewer.

You collected 546 gold pieces.


Innate Abilities, Weirdness & Mutations

You cannot be hasted, slowed, berserked, paralysed or teleported.
You can dig through walls and to a lower floor.
You have a pair of large antennae on your head. (SInv)
Your four strong arms can wield two-handed weapons with a shield.


   Skills:
 + Level 8.5 Fighting
 + Level 8.5 Crossbows
 + Level 7.4 Armour
 + Level 7.1 Dodging
 - Level 1.2 Stealth
 + Level 6.3 Evocations


You had 10 spell levels left.
You didn't know any spells.
Your spell library contained the following spells:

 Spells                   Type           Power      Damage    Failure   Level
 Fireball                 Conj/Fire      0%         3d3       100%        5
 Starburst                Conj/Fire      0%         6d3       100%        6
 Ignition                 Fire           0%         3d3       100%        8

Inventory:

Hand Weapons
 a - a +2 hand crossbow {crossbow}
 d - a +4 trident of freezing {polearm}
   (You took it off a wight on level 6 of the Dungeon)
 m - a +0 short sword of speed {short}
   (You took it off an orc on level 7 of the Dungeon)
 n - a +0 scimitar of flaming (weapon) {long}
   (You took it off Erica on level 8 of the Dungeon)
 u - a +2 spear of venom {polearm}
   (You took it off Robin on level 3 of the Dungeon)
 Z - a +4 war axe {axe}
   (You took it off a wight on level 5 of the Dungeon)
Missiles
 e - 112 stones {throwing}
 L - 10 poisoned darts {throwing}
 M - a throwing net {=f!fthrowing}
Armour
 g - a scarf of resistance (worn)
   (You found it on level 4 of the Dungeon)
 r - a +0 leather armour
   (You found it on level 3 of the Dungeon)
 s - a +0 scale mail
   (You took it off Terence on level 3 of the Dungeon)
 t - a +0 animal skin
   (You took it off Robin on level 3 of the Dungeon)
 w - a +0 leather armour
   (You found it on level 3 of the Dungeon)
 y - a +0 leather armour
   (You took it off an orc priest on level 7 of the Dungeon)
 B - a +0 robe
   (You took it off Dowan on level 4 of the Dungeon)
 C - a +0 robe
   (You found it on level 4 of the Dungeon)
 D - a +0 plate armour
   (You found it on level 4 of the Dungeon)
 E - a +0 ring mail
   (You found it on level 4 of the Dungeon)
 H - a +0 robe
   (You took it off an orc wizard on level 5 of the Dungeon)
 I - the +5 scale mail of Instinct (worn) {+Blink rPois Dex-3 Stlth+}
   (You found it in a sewer)

   Dex:       It affects your dexterity (-3).
   rPois:     It protects you from poison.
   +Blink:    It lets you blink.
   Stlth:     It makes you more stealthy.
 K - a +0 scale mail
   (You found it on level 5 of the Dungeon)
 N - a +0 ring mail
   (You found it on level 5 of the Dungeon)
 Q - a +0 leather armour
   (You found it on level 5 of the Dungeon)
 S - a +0 robe
   (You found it on level 5 of the Dungeon)
 U - a +0 leather armour
   (You found it on level 5 of the Dungeon)
 W - a +0 robe
   (You took it off a wight on level 5 of the Dungeon)
 X - a +0 ring mail
   (You took it off an orc on level 5 of the Dungeon)
 Y - a +0 robe
   (You took it off a wight on level 5 of the Dungeon)
Magical Staves
 R - a staff of death {!astaff}
   (You found it on level 5 of the Dungeon)
Jewellery
 b - a ring of positive energy (right hand)
   (You found it on level 6 of the Dungeon)
 p - a ring of positive energy (left hand)
   (You found it on level 3 of the Dungeon)
Wands
 f - a wand of charming (7)
   (You found it on level 6 of the Dungeon)
 G - a wand of paralysis (9)
   (You found it on level 5 of the Dungeon)
 P - a wand of acid (9)
   (You found it on level 5 of the Dungeon)
 V - a wand of mindburst (5)
   (You found it on level 5 of the Dungeon)
Scrolls
 c - a scroll of enchant armour
 j - 2 scrolls of amnesia {unknown}
 k - a scroll of fear {unknown}
 o - a scroll of immolation {unknown}
 z - a scroll of vulnerability {unknown}
 J - 3 scrolls of enchant weapon
 T - a scroll of magic mapping {unknown}
Potions
 h - a potion of lignification {!q}
 i - 2 potions of attraction {!q}
 l - a potion of magic
 v - a potion of heal wounds {unknown}
 x - a potion of might {unknown}
 A - a potion of mutation {unknown}
 F - 3 potions of flight {unknown}
 O - a potion of invisibility {unknown}

Dungeon Overview and Level Annotations

Branches:
Dungeon (9/15)             Temple (0/1) D:5           Sewer (visited)
   Lair: D:8-11         Orc: D:9-12

Altars:
Cheibriados
Kikubaaqudgha
Makhleb
Nemelex Xobeh
Okawaru
Ru
Sif Muna
Trog
Wu Jian
Xom
The Shining One

Shops:
D:7 *

Annotations:
D:2 1 runed translucent door, Crazy Yiuf
D:5 Cecur's ghost, novice FoFi

#########
#.....D@##
.♣#####♣.#
##...##.#
{{ {
#)♣.♣.#.#
#..<..'.#
#.♣.♣.#.#
##...##.#
#####♣.#
.##


You could see a two-headed hydra.


Message History

The centaur kicks you but does no damage.
You hit the centaur.
The centaur is poisoned.
The centaur closely misses you.
The centaur kicks you but does no damage.
The centaur hits you but does no damage.
The centaur kicks you but does no damage.
You hit the centaur. The centaur misses you. The centaur barely misses you.
You hit the centaur.
The centaur looks even sicker.
You punch the centaur.
The centaur hits you but does no damage.
The centaur kicks you. The centaur hits you.
The centaur kicks you but does no damage. 😕 HP[-6]
You take 6 damage, and now have 81/87 hp.
You hit the centaur but do no damage. Your punch misses the centaur.
The centaur hits you.
The centaur kicks you but does no damage.
The centaur hits you.
The centaur closely misses you. 😕 HP[-6]
You take 6 damage, and now have 75/87 hp.
You puncture the centaur!
You kill the centaur!
Okawaru accepts your kill. 😕 HP[+1]
Things that are here:
a +0 shortbow {bow}; a centaur corpse
There is a stone staircase leading up here.
You open the door.
You sense a monster nearby. 😎 HP[+11]
Your hp is fully restored (87).
There is an open door here.
A seven-headed hydra comes into view.
Your +2 spear of venom {polearm} stops dripping with poison.
Your +0 scimitar of flaming {long} bursts into flame!
n - a +0 scimitar of flaming (weapon)
{long} The seven-headed hydra roars!
You gain the combat prowess of a mighty hero. 😎 MP[-2]
You lost 2 mp, and now have 9/11 mp.
You hack one of the seven-headed hydra's heads off!
The flame cauterises the wound!
You slash the six-headed hydra! You burn the six-headed hydra.
The six-headed hydra bites you but does no damage. x3
The six-headed hydra bites you. The six-headed hydra misses you.
The six-headed hydra bites you but does no damage. 😕 HP[-5]
You take 5 damage, and now have 82/87 hp.
You hit the six-headed hydra. You burn the six-headed hydra.
The six-headed hydra bites you.
The six-headed hydra closely misses you.
The six-headed hydra bites you!
The six-headed hydra bites you but does no damage.
The six-headed hydra bites you.
The six-headed hydra completely misses you. 😮 HP[-17]
You take 17 damage, and now have 65/87 hp.
You slice one of the six-headed hydra's heads off!
The flame cauterises the wound!
You hit the five-headed hydra. You burn the five-headed hydra.
The five-headed hydra bites you!
The five-headed hydra barely misses you.
The five-headed hydra bites you but does no damage.
The five-headed hydra completely misses you.
The five-headed hydra bites you. 😮 HP[-10]
You take 10 damage, and now have 55/87 hp.
You hack one of the five-headed hydra's heads off!
The flame cauterises the wound!
You slash the four-headed hydra! You burn the four-headed hydra.
The four-headed hydra bites you. x2
The four-headed hydra bites you!
* * * LOW HITPOINT WARNING * * *
The four-headed hydra barely misses you. 😨 HP[-22]
You take 22 damage, and now have 33/87 hp.
MASSIVE DAMAGE!! (PAUSE)
You chop one of the four-headed hydra's heads off!
The flame cauterises the wound!
You slash the three-headed hydra! You burn the three-headed hydra.
The three-headed hydra bites you but does no damage.
The three-headed hydra bites you!
* * * LOW HITPOINT WARNING * * *
The three-headed hydra bites you!
* * * LOW HITPOINT WARNING * * *
😱 HP[-19]
You take 19 damage, and now have 14/87 hp.
MASSIVE DAMAGE!! (PAUSE)
You hack one of the three-headed hydra's heads off!
The flame cauterises the wound!
You slash the two-headed hydra! You burn the two-headed hydra.
The two-headed hydra bites you but does no damage.
The two-headed hydra bites you!
* * * LOW HITPOINT WARNING * * *
😱 HP[-7] MP[+1]
You take 7 damage, and now have 7/87 hp.
You barely miss the two-headed hydra.
You feel like a meek peon again.
The two-headed hydra bites you but does no damage.
The two-headed hydra closely misses you.
The two-headed hydra bites you.
* * * LOW HITPOINT WARNING * * *
The two-headed hydra bites you!
You die...

Skill      XL: |  1  2  3  4  5  6  7  8  9 10 |
---------------+-------------------------------+-----
Dodging        | 2 3 4 5 6 7 |  7.1
Fighting       | 3 4 5 6 7 8 |  8.5
Crossbows      | 5 6 7 8 |  8.5
Armour         | 1 2 3 4 5 7 |  7.4
Evocations     | 2 4 6 |  6.3
Stealth        | |  1.2

Action                   |  1- 3 |  4- 6 |  7- 9 | 10-12 || total
-------------------------+-------+-------+-------+-------++-------
Melee: Spear             |       |    28 |   480 |   223 ||   731
       Dagger            |       |     8 |       |       ||     8
       Punch             |       |       |     5 |     3 ||     8
       War axe           |       |       |    17 |     8 ||    25
       Scimitar          |       |       |       |     7 ||     7
 Fire: Hand crossbow     |    73 |   153 |     1 |    33 ||   260
Invok: Heroism           |       |       |     5 |     3 ||     8
 Abil: Dig               |       |       |     1 |       ||     1
Evoke: Wand              |       |       |     7 |       ||     7
  Use: Potion            |       |     1 |     5 |     1 ||     7
       Scroll            |       |       |     7 |       ||     7
 Stab: Paralysed         |       |       |     5 |       ||     5
       Sleeping          |       |       |     1 |       ||     1
Armor: Leather armour    |     4 |    18 |     3 |       ||    25
       Skin              |       |       |    23 |       ||    23
       Chain mail        |       |       |   104 |       ||   104
       Scale mail        |       |       |    94 |   139 ||   233
Dodge: Dodged            |    19 |   107 |   225 |   166 ||   517

Levels and vault maps discovered:
D:1:      lightli_arrival_maybe_door_vault, layout_basic,
          shapermc_ecumenical_altar_starsandcircs, minmay_indecisive_spiral
D:2:      layout_basic, st_stairs_2, uniq_crazy_yiuf_cottage, uniq_natasha
D:3:      layout_loops_ring, minmay_overflow_temple_star_quad, slow_altar_2,
          lightli_temple_of_fire, hex_medium, uniq_robin, uniq_jessica,
          uniq_terence
D:4:      layout_cave_pools, nemelex_spade_bored_becter, uniq_duvessa,
          uniq_grinder
D:5:      layout_cave_pools, nicolae_tso_carved_into_rock,
          mainiacjoe_overflow_alcove_1, temple_fountains, gup_sewer_entry_pipe
D:6:      layout_gridville, makhleb_altar_promises_db, gammafunk_ghost_grave
D:7:      layout_basic, serial_shops, nicolae_shop_hallway_plus
D:8:      layout_basic, lemuel_doored_altar, mainiacjoe_overflow_chevrons,
          uniq_prince_ribbit1, uniq_erica
D:9:      layout_cave_pods, erik_lair_island, grunt_ministairs_11,
          minmay_between, uniq_pikel, uniq_gastronok, uniq_erolcha

Notes
Turn   | Place    | Note
-------+----------+-------------------------------------------
     0 | D:1      | mcwallace the Formicid Hunter began the quest for the Orb.
     0 | D:1      | Reached XP level 1. HP: 16/16 MP: 1/1
     0 | D:1      | magus.rc [v1.9.6]
    57 | D:1      | You fall into a shaft and drop 1 floor!
    87 | D:2      | Reached skill level 2 in Dodging
    87 | D:2      | Reached XP level 2. HP: 15/23 MP: 2/2
   237 | D:2      | Noticed Natasha
   244 | D:2      | Killed Natasha
   245 | D:2      | Reached XP level 3. HP: 24/28 MP: 3/3
   330 | D:2      | Reached skill level 3 in Fighting
   476 | D:1      | Found a faded altar of an unknown god.
   840 | D:1      | Reached XP level 4. HP: 35/35 MP: 4/4
  1065 | D:2      | Noticed Natasha
  1072 | D:2      | Killed Natasha
  1248 | D:2      | Found a runed translucent door.
  1249 | D:2      | Noticed Crazy Yiuf
  1321 | D:2      | Noticed Natasha
  1337 | D:2      | Killed Natasha
  1338 | D:2      | Reached skill level 3 in Dodging
  1338 | D:2      | Reached XP level 5. HP: 26/41 MP: 5/5
  2106 | D:3      | Noticed Jessica
  2113 | D:3      | Killed Jessica
  2396 | D:3      | Reached skill level 5 in Crossbows
  2433 | D:3      | Found a bloodstained altar of Trog.
  2490 | D:3      | Reached skill level 1 in Armour
  2490 | D:3      | Reached XP level 6. HP: 48/48 MP: 6/6
  2511 | D:3      | Noticed Terence
  2525 | D:3      | Killed Terence
  2526 | D:3      | Reached skill level 4 in Fighting
  2654 | D:3      | Noticed Robin
  2672 | D:3      | HP: 12/48 [poisoned by Robin]
  2919 | D:2      | HP: 12/48 [poisoned by Robin]
  3283 | D:3      | HP: 12/48 [poisoned by Robin]
  3610 | D:3      | HP: 12/48 [poisoned by Robin]
  3612 | D:3      | HP: 2/48 [poisoned by Robin]
  3614 | D:3      | Killed Robin
  3886 | D:3      | Found a snail-covered altar of Cheibriados.
  4229 | D:3      | Found an ornate altar of the Wu Jian Council.
  4238 | D:3      | Found an iron altar of Okawaru.
  4245 | D:3      | Became a worshipper of Warmaster Okawaru
  4250 | D:3      | Found a shimmering altar of Xom.
  4337 | D:4      | Noticed Duvessa
  4337 | D:4      | Noticed Dowan
  4827 | D:4      | Reached skill level 2 in Armour
  4949 | D:4      | Noticed Grinder
  5010 | D:3      | Reached XP level 7. HP: 30/55 MP: 7/7
  5225 | D:4      | Killed Dowan
  5399 | D:4      | Killed Grinder
  5399 | D:4      | Reached * piety under Okawaru
  5400 | D:4      | Reached skill level 5 in Fighting
  5400 | D:4      | Reached skill level 3 in Armour
  5400 | D:4      | Reached skill level 4 in Dodging
  5449 | D:4      | HP: 10/56 [Duvessa/+0 rapier (17)]
  5455 | D:4      | HP: 6/84 [Duvessa/+0 rapier (4)]
  5458 | D:4      | HP: 2/84 [Duvessa/+0 rapier (10)]
  5462 | D:4      | Killed Duvessa
  5463 | D:4      | Reached XP level 8. HP: 23/62 MP: 8/8
  5464 | D:4      | HP: 20/93 [adder (3)]
  5466 | D:4      | Reached skill level 6 in Crossbows
  6260 | D:4      | Found a sparkling altar of Nemelex Xobeh.
  6313 | D:5      | Entered Level 5 of the Dungeon
  6370 | D:5      | Reached ** piety under Okawaru
  6405 | D:5      | Reached skill level 1 in Evocations
  6411 | D:5      | Reached skill level 4 in Armour
  6647 | D:5      | Found a glowing drain.
  6669 | Sewer    | Entered a sewer
  6940 | Sewer    | Reached skill level 5 in Dodging
  6940 | Sewer    | Reached skill level 2 in Evocations
  6942 | Sewer    | HP: 12/64 [bullfrog (5)]
  6946 | Sewer    | Reached skill level 6 in Fighting
  7287 | Sewer    | Identified the +5 scale mail of Instinct {+Blink rPois
                  | Dex-3 Stlth+}
  7633 | D:5      | Reached XP level 9. HP: 58/69 MP: 9/9
  7776 | D:5      | You pick up a book of Fire and begin reading...
  7776 | D:5      | You add the spells Fireball, Starburst and Ignition to your
                  | library.
  7785 | D:5      | Found a glowing golden altar of the Shining One.
  7825 | D:5      | Found a staircase to the Ecumenical Temple.
  7916 | D:5      | Found a sacrificial altar of Ru.
  8481 | D:6      | Found a runed translucent door.
  8482 | D:6      | Noticed Cecur's ghost (novice FoFi)
  8777 | D:5      | Reached skill level 3 in Evocations
  8983 | D:6      | Reached skill level 5 in Armour
  9098 | D:6      | Reached *** piety under Okawaru
  9520 | D:6      | Reached skill level 7 in Crossbows
  9624 | D:6      | Found a burning altar of Makhleb.
  9626 | D:6      | Noticed a balrug
 10668 | D:7      | Found Eruz's Assorted Antiques.
 10730 | D:7      | HP: 7/71 [ogre/+0 giant club (26)]
 11131 | D:7      | Reached skill level 4 in Evocations
 11226 | D:7      | HP: 14/71 [orc warrior/+0 trident (15)]
 11313 | D:7      | HP: 7/71 [ogre/+0 giant club (26)]
 11321 | D:7      | Reached skill level 7 in Fighting
 11553 | D:7      | Noticed a hornet
 11598 | D:7      | Killed a hornet
 11599 | D:7      | Reached skill level 6 in Dodging
 11793 | D:7      | Reached XP level 10. HP: 66/79 MP: 10/10
 11908 | D:6      | HP: 18/79 [steam dragon (5)]
 11909 | D:6      | HP: 7/79 [steam dragon (4)]
 11910 | D:6      | HP: 3/79 [steam dragon (5)]
 11912 | D:6      | Reached skill level 6 in Armour
 12449 | D:7      | Reached **** piety under Okawaru
 12514 | D:7      | Reached skill level 5 in Evocations
 12820 | D:8      | Noticed Prince Ribbit
 12830 | D:8      | Killed Prince Ribbit
 12833 | D:8      | Noticed Erica
 13153 | D:8      | Found a shimmering blue altar of Sif Muna.
 13214 | D:8      | Found an ancient bone altar of Kikubaaqudgha.
 13240 | D:8      | Killed Erica
 13241 | D:8      | Reached skill level 8 in Fighting
 13241 | D:8      | Reached skill level 8 in Crossbows
 13440 | D:8      | Reached skill level 7 in Armour
 14240 | D:8      | Reached skill level 6 in Evocations
 14480 | D:8      | Reached ***** piety under Okawaru
 14481 | D:8      | Reached skill level 7 in Dodging
 14489 | D:8      | HP: 11/81 [yak (13)]
 14502 | D:8      | Reached XP level 11. HP: 15/87 MP: 11/11
 15081 | D:9      | Noticed a seven-headed hydra
 15090 | D:9      | HP: 14/87 [three-headed hydra (8)]
 15092 | D:9      | HP: 3/87 [two-headed hydra (4)]
 15092 | D:9      | Mangled by a two-headed hydra

Vanquished Creatures
  Erica (D:8)
  Prince Ribbit (D:8)
  Grinder (D:4)
  A hornet (D:7)
  7 yaks
  2 steam dragons
  Duvessa (D:4)
  2 orc warriors
  An ice beast (D:5)
  3 sky beasts (D:7)
  3 ogres
  3 centaurs
  2 phantoms
  A kobold brigand (D:8)
  3 bullfrogs
  A gnoll sergeant (D:8)
  4 scorpions
  Dowan (D:4)
  3 wights
  3 howler monkeys
  3 jellies
  4 orc priests (D:7)
  Terence (D:3)
  6 hounds
  An iron imp (D:3)
  Jessica (D:3)
  2 iguanas
  Natasha (thrice) (D:2)
  10 orc wizards
  Robin (D:3)
  11 adders
  17 gnolls
  A shadow imp (D:6)
  2 white imps
  A worm (D:2)
  2 dart slugs
  21 orcs
  2 endoplasms
  10 giant cockroaches
  9 hobgoblins
  12 quokkas
  6 ball pythons
  4 bats
  8 frilled lizards
  8 goblins
  16 kobolds
  2 rats
208 creatures vanquished.

Vanquished Creatures (others)
  2 withered plants (D:6)
2 creatures vanquished.

Grand Total: 210 creatures vanquished

Table legend:
 A = Non-vault XP
 B = Vault XP
 C = Vault XP percentage of total XP
 D = Non-vault monster count
 E = Vault monster count
 F = Vault count percentage of total count
                 A         B        C        D         E       F
            +---------+---------+-------+---------+---------+-------
      Total |    6077 |    2173 |  26.3 |     158 |      50 |  24.0
            +---------+---------+-------+---------+---------+-------
        D:1 |      18 |       3 |  14.3 |       9 |       3 |  25.0
        D:2 |     110 |      38 |  25.7 |      17 |       3 |  15.0
        D:3 |     149 |     143 |  49.0 |      14 |      10 |  41.7
        D:4 |     255 |     499 |  66.2 |      15 |       3 |  16.7
        D:5 |     716 |      14 |   1.9 |      18 |       7 |  28.0
        D:6 |    1006 |       0 |   0.0 |      25 |       0 |   0.0
        D:7 |    1663 |       0 |   0.0 |      28 |       0 |   0.0
        D:8 |    2160 |    1122 |  34.2 |      32 |       2 |   5.9
        D:9 |       0 |     110 | 100.0 |       0 |       1 | 100.0
      Sewer |       0 |     244 | 100.0 |       0 |      21 | 100.0
            +---------+---------+-------+---------+---------+-------

Illustrated notes

Table legend:
 A = Kills in this place as a percentage of kills in entire the game.
 B = Kills by you in this place as a percentage of kills by you in the entire game.
 C = Kills by friends in this place as a percentage of kills by friends in the entire game.
 D = Other kills in this place as a percentage of other kills in the entire game.
 E = Experience gained in this place as a percentage of experience gained in the entire game.
 F = Experience gained in this place divided by the number of levels of this place that you have seen.
                   A       B       C       D       E      F
               +-------+-------+-------+-------+-------+----------------------
         Total | 100.0 | 100.0 |   N/A |   N/A | 100.0 | 825.0
       Dungeon |  89.9 |  89.9 |   N/A |   N/A |  97.0 | 889.6
         Sewer |  10.1 |  10.1 |   N/A |   N/A |   3.0 | 244.0
               +-------+-------+-------+-------+-------+----------------------

Table legend: (Time is in decaauts)
 A = Elapsed time spent in this place.
 B = Non-inter-level travel time spent in this place.
 C = Inter-level travel time spent in this place.
 D = Time resting spent in this place.
 E = Time spent auto-exploring this place.
 F = Levels seen in this place.
 G = Mean time per level.
                   A        B        C        D        E       F      G
               +--------+--------+--------+--------+--------+-----+--------+
         Total |  15369 |  14570 |    799 |   3925 |   7336 |  10 | 1536.9 |
       Dungeon |  14408 |  13609 |    799 |   3626 |   7225 |   9 | 1600.9 |
         Sewer |    960 |    960 |      0 |    299 |    111 |   1 |  960.0 |
               +--------+--------+--------+--------+--------+-----+--------+

Top non-repeatable levels by time:
     D:2: 2337 daAuts
     D:7: 2267 daAuts
     D:6: 2189 daAuts
     D:3: 2188 daAuts
     D:8: 1829 daAuts
     D:4: 1621 daAuts
     D:5: 1305 daAuts
   Sewer: 960 daAuts
     D:1: 595 daAuts
     D:9: 75 daAuts
